cohdb
Replays
Latest Replays
All Replays
Popular Replays
Top Player Replays
Match Explorer
How It Works
Community
CoH3 Stats
Reddit
Sign in to upload your games and track your stats! →
Sign in with Steam
Match 41785041
Unlisted
Match 41785041
Overview
Messages
Build Orders
End
Royal Engineer Section
Construct Section Command Post
Selects Canadian Shock Battlegroup
Dingo Light Scout Car
Dingo Light Scout Car
Construct Platoon Command Post
Humber Armored Car
Selects Attacking Spirit
Humber Armored Car
Selects Canadian Shock Section
Canadian Shock Section
Selects Incendiary Munitions
Selects Incendiary Munitions
Canadian Shock Section
Unlock M3 Stuart Light Tanks
Construct Field Infirmary
Humber Armored Car
M3 Stuart Light Tank
Selects Pyrotechnics
6-pounder Anti-tank Gun Team
6-pounder Anti-tank Gun Team
Construct Company Command Post
Matilda II Heavy Tank
Selects Churchill Crocodile Heavy Tank
Churchill Crocodile Heavy Tank
Selects Smoke Operation
Armored Vehicle Training
Matilda II Heavy Tank
Smoke Operation
Billy Mitchell
The World
Saueee
Tiger Mafia
0
0
Comments
sign in to comment!
No comments posted yet!